 Dungeon Crawl Stone Soup version 0.31.0-32-g396128a36d (webtiles) character file.

Game seed: 7252049345644625085

1645672 FexLirch the Cryomancer (level 27, 200/260 HPs)
             Began as an Octopode Hedge Wizard on Mar 11, 2024.
             Was the Champion of Sif Muna.
             Escaped with the Orb
             ... and 3 runes on Mar 13, 2024!
             The game lasted 07:49:16 (73369 turns).

FexLirch the Cryomancer (Octopode Hedge Wizard)    Turns: 73369, Time: 07:49:17

Health: 200/260    AC: 29    Str: 10    XL:     27
Magic:  45/45      EV: 27    Int: 46    God:    Sif Muna [******]
Gold:   3506       SH:  0    Dex: 18    Spells: 9/62 levels left

rFire   + + .        K - +6 demon whip of Cataclysm {vamp, rPois rN+ Will+}
rCold   + + .        f - orb {*channel}
rNeg    + + +        b - +2 hood of the Assassin {Detect Stab+ Stlth++}
rPois   ∞            q - amulet of magic regeneration
rElec   +            T - ring of protection from fire
rCorr   +            R - ring of Zunav {+Blink Will+ Str+3}
SInv    +            y - ring of Zegurph {rF+ rC+ rN++ rCorr Str-5}
Will    ++++.        M - +6 ring of intelligence
Stlth   +            w - +6 ring of intelligence
HPRegen 0.63/turn    l - ring of the Ferocious Tomato {rC+ Dex+5}
MPRegen 0.69/turn    g - ring "Plog" {Wiz ^Drain Dex+2 Slay+3 SInv}
                     A - +6 ring of intelligence

%: random rage (3%), wizardry (x1), channel magic (20%)
@: statue-form, glowing, studying 3 skills, very slow
A: slow and powerful, torment resistance 1, boosted hp, almost no armour,
amphibious, 8 rings, camouflage 1, (gelatinous body 1), (nimble swimmer 1),
tentacles, antennae 1, berserk 1, subdued magic 1
0: Orb of Zot
}: 3/15 runes: decaying, serpentine, abyssal
a: Begin Untransformation, Renounce Religion, Evoke Blink, Channel Magic, Forget
Spell, Divine Exegesis


You escaped.
You worshipped Sif Muna.
Sif Muna was exalted by your worship.
You were a living statue of rough stone.
You visited 11 branches of the dungeon, and saw 50 of its levels.
You visited the Abyss 1 time.
You visited 1 bazaar.
You also visited: Ice Cave, Wizlab and Desolation.

You collected 8725 gold pieces.
You spent 5219 gold pieces at shops.

Inventory:

Hand Weapons
 K - the +6 demon whip of Cataclysm (weapon) {vamp, rPois rN+ Will+}
   (You found it on level 3 of the Depths)

   rPois:     It protects you from poison rN+: It protects you from negative
   energy.
   Will+:     It increases your willpower.
 S - the +7 great mace "Firestarter" {flame, immolate, rFlCloud rF++}
   (You found it in the Desolation of Salt)

   rFlCloud:  It grants immunity to clouds of flame.
   rF++:      It greatly protects you from fire.
Missiles
 e - 4 throwing nets
Armour
 b - the +2 hood of the Assassin (worn) {Detect Stab+ Stlth++}
   (You found it in the Desolation of Salt)

   Detect:    It allows the wearer to sense nearby creatures.
   Stab+:     It allows the wearer to make particularly effective stabbing
   attacks against helpless or unaware enemies with any weapon.
   Stlth++:   It makes you much more stealthy.
 f - an orb of energy (worn)
Magical Staves
 N - a staff of cold
Jewellery
 a - a ring of fire
 g - the ring "Plog" (on tentacle) {Wiz ^Drain Dex+2 Slay+3 SInv}
   (You took it off a deep elf sorcerer on level 3 of the Elven Halls)

   [ring of wizardry]

   Wiz:       It improves your spell success rate.
   Dex+2:     It affects your dexterity (+2).
   Slay+3:    It affects your accuracy & damage with ranged weapons and melee
   (+3).
   SInv:      It lets you see invisible.
   ^Drain:    It drains your maximum health when unequipped.
 l - the ring of the Ferocious Tomato (on tentacle) {rC+ Dex+5}
   (You took it off a deep elf pyromancer on level 3 of the Elven Halls)

   [ring of protection from cold]

   Dex+5:     It affects your dexterity (+5).
   rC+:       It protects you from cold.
 n - a +6 ring of intelligence
 o - a ring of willpower
 q - an amulet of magic regeneration (around mantle)
 w - a +6 ring of intelligence (on tentacle)
 y - the ring of Zegurph (on tentacle) {rF+ rC+ rN++ rCorr Str-5}
   (You found it on level 2 of the Depths)

   [ring of resist corrosion]

   Str-5:     It affects your strength (-5).
   rF+:       It protects you from fire.
   rC+:       It protects you from cold.
   rN++:      It greatly protects you from negative energy.
   rCorr:     It protects you from acid and corrosion.
 A - a +6 ring of intelligence (on tentacle)
 J - a ring of ice
 M - a +6 ring of intelligence (on tentacle)
 R - the ring of Zunav (right tentacle) {+Blink Will+ Str+3}
   (You bought it in a shop on level 2 of the Orcish Mines)

   [ring of willpower]

   Str+3:     It affects your strength (+3).
   Will+:     It increases your willpower.
   +Blink:    It lets you blink.
 T - a ring of protection from fire (left tentacle)
 W - a ring of flight
 Y - a ring of magical power
Talismans
 p - a granite talisman (active)
 t - a talisman of death
Wands
 F - a wand of iceblast (31)
 L - a wand of digging (25)
 X - a wand of acid (27)
Scrolls
 d - 9 scrolls of immolation
 i - 3 scrolls of fog
 u - 12 scrolls of vulnerability
 v - 12 scrolls of teleportation
 C - 5 scrolls of blinking
 D - 10 scrolls of poison
 E - 4 scrolls of torment
 G - 2 scrolls of revelation
 O - a scroll of amnesia
 V - 3 scrolls of fear
Potions
 c - 3 potions of magic
 h - 4 potions of resistance
 j - 13 potions of curing
 k - 7 potions of attraction
 m - 5 potions of enlightenment
 r - 6 potions of might
 x - 2 potions of mutation
 B - 4 potions of heal wounds
 H - a potion of cancellation
 I - 6 potions of brilliance
 P - 7 potions of lignification
 Q - 4 potions of ambrosia
 U - 10 potions of haste
 Z - 3 potions of invisibility
Miscellaneous
 z - a phantom mirror


   Skills:
 + Level 19.6 Fighting
 + Level 22.0 Dodging
 - Level 5.0 Stealth
 + Level 18.2 Spellcasting
 - Level 16.0 Conjurations
 - Level 2.0 Summonings
 + Level 14.3 Translocations
 - Level 11.0 Fire Magic
 + Level 23.2 Ice Magic
 - Level 5.9 Air Magic
 - Level 9.0 Alchemy
 + Level 15.1 Invocations
 - Level 16.0 Shapeshifting


You had 9 spell levels left.
You knew the following spells:

 Your Spells              Type           Power      Damage    Failure   Level
a - Dispersal             Tloc           46%        N/A       1%          6
b - Blink                 Tloc           100%       N/A       1%          2
c - Polar Vortex          Ice            57%        12d7*     4%          9
d - Fireball              Conj/Fire      45%        3d18      1%          5
e - Passage of Golubria   Tloc           93%        N/A       1%          4
g - Irradiate             Conj/Alch      44%        3d26      1%          5
h - Lesser Beckoning      Tloc           100%       N/A       1%          2
i - Ozocubu's Refrigerat  Ice            57%        4d20      1%          7
j - Swiftness             Air            65%        N/A       1%          3
k - Ozocubu's Armour      Ice            100%       N/A       1%          3
l - Orb of Destruction    Conj           49%        9d13      1%          7

Your spell library contained the following spells:

 Spells                   Type           Power      Damage    Failure   Level
 Apportation              Tloc           100%       N/A       1%          1
 Foxfire                  Conj/Fire      100%       2x1d9     1%          1
 Freeze                   Ice            100%       1d10      1%          1
 Kiss of Death            Conj/Necr      100%       2d13      1%          1
 Magic Dart               Conj           100%       1d8       1%          1
 Necrotise                Necr           100%       1d9       1%          1
 Sandblast                Erth           64%        2d14      1%          1
 Shock                    Conj/Air       100%       1d9       1%          1
 Slow                     Hex            100%       N/A       1%          1
 Sting                    Conj/Alch      100%       1d9       1%          1
 Summon Small Mammal      Summ           100%       N/A       1%          1
 Call Imp                 Summ           92%        N/A       1%          2
 Cigotuvi's Dreadful Rot  Necr/Alch/Air  100%       N/A       1%          2
 Ensorcelled Hibernation  Hex/Ice        100%       N/A       1%          2
 Jinxbite                 Hex            64%        N/A       1%          2
 Mercury Vapours          Alch/Air       100%       N/A       1%          2
 Momentum Strike          Conj/Tloc      100%       3d10      1%          2
 Scorch                   Fire           100%       2d9       1%          2
 Searing Ray              Conj           100%       2d8       1%          2
 Static Discharge         Conj/Air       100%       3-8/arc   1%          2
 Call Canine Familiar     Summ           46%        N/A       1%          3
 Dazzling Flash           Conj/Hex       100%       N/A       1%          3
 Frozen Ramparts          Ice            100%       1d16      1%          3
 Gell's Gravitas          Tloc           93%        N/A       1%          3
 Hailstorm                Conj/Ice       100%       3d16      1%          3
 Inner Flame              Hex/Fire       63%        N/A       1%          3
 Mephitic Cloud           Conj/Alch/Air  81%        N/A       1%          3
 Stone Arrow              Conj/Erth      100%       3d13      1%          3
 Summon Ice Beast         Ice/Summ       88%        N/A       1%          3
 Teleport Other           Tloc           93%        N/A       1%          3
 Volatile Blastmotes      Fire/Tloc      100%       2d18      1%          3
 Airstrike                Air            32%        2d(5-21)  1%          4
 Brom's Barrelling Bould  Conj/Erth      73%        2d9       1%          4
 Dimensional Bullseye     Hex/Tloc       35%        N/A       1%          4
 Flame Wave               Conj/Fire      91%        2d19      1%          4
 Fulminant Prism          Conj/Alch      44%        3d19      1%          4
 Ignite Poison            Fire/Alch      80%        N/A       1%          4
 Iskenderun's Mystic Bla  Conj/Tloc      96%        2d19      1%          4
 Leda's Liquefaction      Alch/Erth      29%        N/A       1%          4
 Manifold Assault         Tloc           93%        N/A       1%          4
 Olgreb's Toxic Radiance  Alch           77%        N/A       1%          4
 Petrify                  Alch/Erth      59%        N/A       1%          4
 Sticky Flame             Fire/Alch      80%        2d12      1%          4
 Summon Blazeheart Golem  Fire/Summ      67%        N/A       1%          4
 Summon Lightning Spire   Summ/Air       57%        N/A       1%          4
 Vhi's Electric Charge    Tloc/Air       100%       N/A       1%          4
 Alistair's Intoxication  Alch           51%        N/A       1%          5
 Arcjolt                  Conj/Air       41%        1d51      1%          5
 Freezing Cloud           Conj/Ice/Air   47%        6-21      1%          5
 Iskenderun's Battlesphe  Conj           98%        2d14      1%          5
 Metabolic Englaciation   Hex/Ice        42%        N/A       1%          5
 Summon Forest            Summ/Tloc      37%        N/A       1%          5
 Conjure Ball Lightning   Conj/Air       41%        3x3d13    1%          6
 Sculpt Simulacrum        Ice/Alch       49%        N/A       1%          6
 Starburst                Conj/Fire      45%        6d13      1%          6
 Confusing Touch          Hex            32%        N/A       2%          3
 Fugue of the Fallen      Necr           32%        N/A       2%          3
 Passwall                 Erth           32%        N/A       2%          3
 Sigil of Binding         Hex            32%        N/A       2%          3
 Tukima's Dance           Hex            32%        N/A       2%          3
 Vampiric Draining        Necr           32%        2d8       2%          3
 Yara's Violent Unravell  Hex/Alch       29%        3d12      2%          5
 Eringya's Noxious Bog    Alch           38%        4d6       2%          6
 Plasma Beam              Fire/Air       37%        2x1d51    2%          6
 Martyr's Knell           Necr/Summ      39%        N/A       3%          4
 Bombard                  Conj/Erth      36%        9d6       3%          6
 Anguish                  Hex/Necr       16%        N/A       4%          4
 Animate Dead             Necr           32%        N/A       4%          4
 Cause Fear               Hex            16%        N/A       4%          4
 Dispel Undead            Necr           32%        3d14      4%          4
 Silence                  Hex/Air        26%        N/A       4%          5
 Summon Mana Viper        Hex/Summ       39%        N/A       9%          5
 Spellforged Servitor     Conj/Summ      38%        N/A       9%          7
 Disjunction              Tloc           46%        N/A       9%          8
 Borgnjor's Vile Clutch   Necr/Erth      16%        N/A       12%         5
 Curse of Agony           Necr           32%        N/A       12%         5
 Lee's Rapid Deconstruct  Erth           16%        3d10*     12%         5
 Malign Gateway           Summ/Tloc      37%        N/A       12%         7
 Summon Cactus Giant      Summ           23%        N/A       24%         6
 Ignition                 Fire           41%        3d12      26%         8
 Death Channel            Necr           16%        N/A       43%         6
 Lehudib's Crystal Spear  Conj/Erth      36%        10d9      56%         8
 Monstrous Menagerie      Summ           23%        N/A       69%         7
 Summon Hydra             Summ           23%        N/A       69%         7
 Fire Storm               Conj/Fire      45%        8d12      71%         9
 Haunt                    Necr/Summ      19%        N/A       82%         7
 Maxwell's Capacitive Co  Air            32%        ∞         82%         8
 Enfeeble                 Hex            16%        N/A       90%         7
 Chain Lightning          Conj/Air       41%        3d55      95%         9
 Summon Horrible Things   Summ           23%        N/A       99%         8
 Borgnjor's Revivificati  Necr           16%        N/A       100%        8
 Discord                  Hex            16%        N/A       100%        8
 Infestation              Necr           16%        N/A       100%        8
 Death's Door             Necr           16%        N/A       100%        9
 Dragon's Call            Summ           23%        N/A       100%        9
 Shatter                  Erth           16%        3d15*     100%        9
 Sublimation of Blood     Necr           Unusable   N/A       N/A         2
 Animate Armour           Summ/Erth      Unusable   N/A       N/A         4

Dungeon Overview and Level Annotations

Branches:
Dungeon (15/15)            Temple (1/1) D:5            Lair (5/5) D:8
  Swamp (4/4) Lair:2        Snake (4/4) Lair:3        Slime (0/5) Lair:4
    Orc (2/2) D:9             Elf (3/3) Orc:2        Vaults (4/5) D:14
  Crypt (3/3) Vaults:3       Tomb (0/3) Crypt:3      Depths (4/4) D:15
    Zot (5/5) Depths:4      IceCv (visited)          WizLab (visited)
Desolation (visited)

Altars:
Ashenzari
Cheibriados
Dithmenos
Elyvilon
Fedhas
Gozag
Hepliaklqana
Kikubaaqudgha
Makhleb
Nemelex Xobeh
Okawaru
Qazlal
Ru
Sif Muna
Trog
Uskayaw
Vehumet
Wu Jian
Xom
Yredelemnul
Zin
The Shining One
Jiyva

Shops:
D:3 (   D:6 *   D:7 *   Orc:2 ([*=   Elf:1 ??*?   Snake:2 (   Vaults:1 =[
Vaults:3 :*

Portals:
Hell: Depths:1 Depths:2 Depths:3 Depths:4
Abyss: Depths:3
Pandemonium: Depths:2 Depths:3
Ziggurat: Depths:1

Annotations:
D:15 exclusion: door
Snake:3 1 runed translucent door, Minsecho's ghost, adept FoFi
Vaults:3 1 runed translucent door, ilwentz's ghost, adept DjWn
Vaults:4 exclusion: 4 downstairs


Innate Abilities, Weirdness & Mutations

You are a living statue of rough stone.
Your actions are slow, but your melee attacks are powerful.
You are resistant to unholy torment.
Your maximum health is greatly increased.
You cannot wear most types of armour.
You are amphibious.
You can wear up to eight rings at the same time.
You are immune to poison.
Your skin changes colour to match your surroundings (Stealth+).
((Your rubbery body absorbs attacks. (AC +1, EV +1)))
((You are camouflaged when in or above water. (Stealth+)))
You have tentacles for arms and can constrict up to eight enemies at once.
You have a pair of small antennae on your head.
You sometimes lose your temper in combat.
Your spells are a little easier to cast, but a little less powerful.


Message History

The tormentor calls on the powers of darkness!
Your body is wracked with pain!
Casting: Polar Vortex (dangerous; 4% risk of failure)
Confirm with . or Enter, or press ? or * to list all spells.
Aiming: Orb of Destruction (mildly dangerous; 1% risk of failure)
Press: ? - help, Shift-Dir - straight line, f - tormentor
Aim: a tormentor The winds around you calm down.
The orb of destruction hits the tormentor!!!
You blow up the tormentor!
Sif Muna accepts your kill.
There is an escape hatch in the ceiling here.
Things that are here:
a +0 club; a +0 sling A mysterious force pulls you upwards.
The hatch slams shut behind you.
What level of the Dungeon? (default 1, ? - help)
Your magical contamination has completely faded away.
Magic restored.
There is a stone staircase leading up here.
You climb upwards.
There is a stone staircase leading down here.
A seraph comes into view.
It is wielding a +4 great sword of flaming.
Press: ? - help, v - describe, . - travel
Here: a seraph, wielding a +4 great sword of flaming and wearing +0 fire dragon scales (haloed)
The floor.
Blink to where?
Press: ? - help, Dir - move target
As you read the scroll of blinking, it crumbles to dust.
The seraph moves out of view.
Blink to where?
Press: ? - help, Dir - move target
As you read the scroll of blinking, it crumbles to dust.
As you read the scroll of summoning, it crumbles to dust.
Wisps of shadow whirl around you...
As you read the scroll of summoning, it crumbles to dust.
Wisps of shadow whirl around you...
As you read the scroll of immolation, it crumbles to dust.
The creatures around you are filled with an inner flame!
The seraph gestures.
You have escaped!

.†..........#...#...#............
.........#...#..#..#...#.........
#.###.....#..#..#..#..#..........
#.# ##.....#..#.#.#..#...........
#.# ##[.#...#.#.#.#.#...#........
#.# #....##..#.#.#.#..##.........
#.###).....##.#...#.##.....#.....
#..##........#..gJ.#......†..####
##.##..######...8J..######.###
##..#........#.K.l.#......†#
###.#......##.#..g#.##.....#
.##.#....##..#.#.#.#..##...#
.)......#...#.#.#.#.#...#..#
.#..#......#..#.#.#..#.....#
.#........#..#..#A.#..#..).#
.##.#.#..#...#..#A.#...#..##
###...#.....#...#...#.....#


You could see a seraph (ally target), an angel (summoned), 2 friendly
endoplasms, a friendly hobgoblin (summoned, inner flame), a friendly goblin
(summoned, inner flame), a friendly kobold (summoned, inner flame) and a
friendly frilled lizard (summoned, inner flame).

Vanquished Creatures
  3 orbs of fire (Zot:5)
  7 dread liches
  4 ancient liches
  Mennas (Crypt:1)
  Vv (Depths:2)
  The ghost of jimmypageman the Gargoyle Barricade, a master GrFi of the Shining One (Crypt:2)
  3 Killer Klowns (Zot:5)
  Saint Roka (Snake:3)
  2 antique champions (WizLab)
  Margery (Crypt:3)
  2 curse toes (Zot:4)
  Norris (Elf:2)
  Nikola (Depths:2)
  A pandemonium lord (Depths:2)
  5 golden dragons
  2 bone dragons (Abyss:4)
  A profane servitor (Crypt:2)
  A Tzitzimitl (D:5)
  A Brimstone Fiend (Depths:1)
  2 electric golems (Zot:5)
  Rupert (Lair:5)
  16 tentacled monstrosities
  A walking crystal tome (Depths:2)
  Jorgrun (Orc:1)
  2 hellephants
  28 Orb Guardians
  6 quicksilver dragons
  Mlioglotl (Swamp:1)
  Zenata (Elf:2)
  3 walking earthen tomes (Depths:2)
  2 walking divine tomes (Depths:2)
  6 liches
  4 deep elf blademasters
  8 sphinxes
  9 death cobs
  4 ancient champions
  4 deep elf master archers (Elf:3)
  A walking frostbound tome (Depths:2)
  8 tentacled starspawn (Abyss:4)
  10 shadow dragons
  Agnes (Elf:1)
  2 Executioners
  10 storm dragons
  A kraken (Swamp:2)
  Roxanne (Swamp:3)
  4 revenants
  2 tengu reavers
  2 thorn hunters (Swamp:2)
  8 nagarajas
  4 protean progenitors
  2 frost giants
  5 fenstrider witches
  5 draconian knights
  An iron dragon (Depths:3)
  8 draconian monks
  4 draconian shifters
  4 fire giants
  4 draconian scorchers
  An imperial myrmidon (Desolation)
  4 balrugs
  8 deep elf elementalists
  12 vault wardens
  2 curse skulls
  12 ghouls
  14 deep elf sorcerers
  3 draconian stormcallers
  The ghost of Uqorphet the Eclecticist, a journeyman DECj of Vehumet (D:14)
  10 ironbound preservers
  6 orc warlords
  3 ghost moths
  2 angels (Vaults:4)
  4 formless jellyfish
  9 very ugly things
  8 green draconians
  5 draconian annihilators
  12 ironbound thunderhulks
  7 deep elf demonologists
  A juggernaut skeleton (Abyss:4)
  5 vampire knights
  11 stone giants
  17 purple draconians
  9 deep elf death magi
  4 bunyips
  14 black draconians
  9 dire elephants
  8 eleionomae
  8 white draconians
  7 deep elf annihilators (Elf:3)
  6 war gargoyles
  9 red draconians
  10 yellow draconians
  A spark wasp (Depths:2)
  2 blizzard demons
  6 eidola
  5 crystal guardians
  2 pearl dragon zombies (Crypt:2)
  2 mummy priests (Crypt:2)
  Azrael (D:12)
  4 ettins
  An entropy weaver (Vaults:1)
  2 shambling mangroves
  7 deep elf high priests
  6 fire dragons
  A spectral fenstrider witch (Crypt:2)
  8 jiangshi
  3 great orbs of eyes
  6 yaktaur captains
  11 hydras
  10 ragged hierophants (Desolation)
  2 juggernaut simulacra (WizLab)
  9 peacekeepers
  7 ice dragons
  5 servants of whispers (Desolation)
  Harold (Orc:1)
  2 spriggan zombies
  3 vault guards
  An ogre mage (Swamp:4)
  A ghost crab (Swamp:4)
  4 catoblepae
  2 hell beasts
  4 spriggan air magi
  11 ironbound frosthearts
  7 alligators
  4 death knights
  A spriggan skeleton (Crypt:3)
  An anaconda (shapeshifter) (Depths:3)
  11 rakshasas
  11 anacondas
  A radroach (Zot:3)
  2 deep troll shamans (Depths:3)
  5 centaur warriors
  11 naga warriors
  4 two-headed ogres
  A tengu warrior (D:14)
  3 deep troll earth magi
  28 dancing weapons
  A satyr (Abyss:4)
  4 boulder beetles
  2 titan zombies (Crypt:2)
  25 death yaks
  A demonic crawler (D:4)
  10 hell hogs
  4 vampire magi
  7 orc high priests
  7 soul eaters
  17 spriggans
  4 shock serpents
  2 occultists (Swamp:4)
  4 thrashing horrors (Abyss:4)
  12 naga sharpshooters
  8 spriggan berserkers
  23 hell knights
  Sonja (D:13)
  21 skeletal warriors
  16 deep elf knights
  2 sixfirhies (Swamp:4)
  7 wretched stars (Abyss:4)
  2 skysharks (Elf:2)
  Lodul (D:11)
  4 goliath frogs
  8 sun demons
  5 shadow wraiths
  7 spectral anacondas (Snake:3)
  4 spriggan druids
  2 anaconda zombies (Snake:3)
  13 arcanists
  2 storm dragon skeletons (WizLab)
  A sun moth (shapeshifter) (Depths:3)
  2 death drakes (Depths:2)
  20 sea snakes (Snake:4)
  35 deep trolls
  3 glowing orange brains
  16 flayed ghosts
  11 mana vipers
  22 phantasmal warriors
  7 deep elf archers
  6 bog bodies
  13 naga ritualists
  3 anaconda skeletons (Snake:3)
  12 necromancers
  4 swamp dragons
  14 ironbound convokers
  11 large abominations
  4 harpies (Vaults:1)
  31 deep elf pyromancers
  A stone giant zombie (WizLab)
  17 orc knights
  8 orc sorcerers
  2 oklob plants
  A frost giant zombie (Vaults:3)
  33 deep elf zephyrmancers
  36 ugly things
  Maurice (Orc:2)
  A wolf spider (Zot:5)
  A salamander (shapeshifter) (Elf:2)
  A shadow dragon skeleton (Crypt:3)
  4 cyclopes
  A glowing shapeshifter (D:15)
  10 manticores
  A goliath frog skeleton (Crypt:1)
  3 will-o-the-wisps
  3 worldbinders (Abyss:4)
  A jorogumo skeleton (Crypt:1)
  6 salamanders
  6 kobold blastminers
  3 meliai (Lair:4)
  16 moths of wrath
  2 apocalypse crabs (Abyss:4)
  14 vault sentinels
  4 apis skeletons (Crypt:2)
  10 guardian serpents
  A naga zombie (Crypt:2)
  37 black mambas
  13 elephants
  An ice statue (IceCv)
  2 dire elephant skeletons (Crypt:3)
  A formless jellyfish zombie (Crypt:2)
  A stone giant skeleton (Vaults:2)
  14 naga magi
  11 cane toads
  3 molten gargoyles (Desolation)
  6 orange demons
  2 rust devils (D:15)
  2 centaur skeletons (Crypt:3)
  4 gargoyles (Crypt:3)
  8 smoke demons
  3 hellions
  Joseph (D:7)
  A death yak zombie (Crypt:1)
  3 human zombies
  2 naga skeletons
  An unseen horror (shapeshifter) (D:13)
  3 unseen horrors
  24 yaktaurs
  A kobold demonologist (D:10)
  5 rime drakes
  8 freezing wraiths
  A guardian mummy (Crypt:3)
  A red devil (D:15)
  6 anaconda simulacra (Snake:3)
  2 ice devils
  3 tormentors
  10 komodo dragons
  A golden dragon simulacrum (WizLab)
  A queen bee (Lair:4)
  A sea snake skeleton (Crypt:2)
  3 polar bears (shapeshifter)
  3 trolls
  7 tyrant leeches
  8 ancient zymes (Abyss:4)
  A bloated husk (Swamp:3)
  A silent spectre (Abyss:4)
  50 saltlings (Desolation)
  6 hellwings
  17 hornets
  A grey draconian skeleton (Crypt:1)
  21 blink frogs
  23 polar bears
  A tarantella (shapeshifter) (Vaults:4)
  13 raiju (Abyss:4)
  A harpy skeleton (Crypt:3)
  A human skeleton (Vaults:2)
  2 glass eyes (Depths:3)
  A human simulacrum (Vaults:2)
  A glass eye (shapeshifter) (Depths:3)
  An ettin zombie (WizLab)
  An ushabti (Crypt:3)
  2 air elementals
  A centaur simulacrum (D:15)
  18 wraiths
  A black mamba zombie (Crypt:1)
  An ettin skeleton (WizLab)
  29 slime creatures
  3 shadows
  6 wyverns
  2 vampires (WizLab)
  10 water elementals
  17 humans (D:14)
  A guardian serpent skeleton (Crypt:1)
  3 ynoxinuls
  7 fire elementals
  A golden eye (shapeshifter) (Elf:1)
  A human (shapeshifter) (D:14)
  9 starcursed masses (Abyss:4)
  4 wargs
  A hog (shapeshifter) (Elf:3)
  An alligator snapping turtle simulacrum (Abyss:4)
  2 fire bats (Abyss:4)
  3 vampire mosquitoes (Swamp:1)
  8 basilisks
  64 yaks
  4 golden eyes (D:7)
  3 redbacks (Vaults:1)
  5 steam dragons
  A redback (shapeshifter) (Depths:3)
  4 neqoxecs
  Menkaure (D:4)
  A swamp worm (shapeshifter) (Depths:3)
  14 swamp worms
  6 chaos spawn
  32 nagas
  A spatial vortex (Abyss:4)
  An acid dragon (D:8)
  Duvessa (D:5)
  16 water moccasins
  4 hell hounds
  5 swamp drakes
  44 orc warriors
  2 two-headed ogre skeletons (WizLab)
  3 ice beasts
  5 spriggan simulacra (Depths:3)
  A black bear (D:6)
  18 ogres
  5 laughing skulls
  7 small abominations (Abyss:4)
  2 swamp dragon skeletons
  A boggart (D:12)
  31 wolves
  11 centaurs
  2 weeping skulls (Abyss:4)
  2 phantoms
  8 kobold brigands
  A brain worm (Abyss:4)
  11 bullfrogs
  2 gnoll sergeants
  A deep troll simulacrum (WizLab)
  3 earth elementals
  A two-headed ogre simulacrum (WizLab)
  A glowing shapeshifter simulacrum (Vaults:2)
  4 scorpions
  12 wights
  Dowan (D:5)
  A swamp dragon simulacrum (WizLab)
  35 killer bees
  A cyclops skeleton (WizLab)
  A troll skeleton (Crypt:2)
  4 electric eels
  3 howler monkeys
  A yak skeleton (Crypt:1)
  A bombardier beetle (D:5)
  4 crimson imps (D:15)
  A jelly (D:8)
  35 orc priests
  2 cyclops simulacra (WizLab)
  6 gnoll boudas
  4 sleepcaps
  27 orc wizards
  5 iguanas
  Terence (D:3)
  A sky beast zombie (Crypt:2)
  A deep dwarf zombie (Crypt:2)
  8 mummies (Crypt:3)
  Robin (D:3)
  3 adders
  26 gnolls
  2 shadow imps
  2 white imps (D:7)
  An ufetubus (D:5)
  A dart slug (D:4)
  A ribbon worm (D:4)
  108 orcs
  6 ball pythons
  7 bats
  5 endoplasms
  3 giant cockroaches
  18 goblins
  11 hobgoblins
  33 kobolds
  4 quokkas
  A ball python zombie (Crypt:2)
  A frilled lizard (D:1)
  A quokka skeleton (Crypt:2)
  4 rats
  A rat zombie (Crypt:1)
  5 aspiring fleshes
  2 fulminant prisms
  3 lurking horrors (Abyss:4)
  A starspawn tentacle (Abyss:4)
  2 tentacles (Swamp:2)
2528 creatures vanquished.

Vanquished Creatures (collateral kills)
  A smoke demon (Abyss:4)
  A cane toad (Lair:2)
  4 wolves (Lair:2)
  An orc priest (D:3)
  A sleepcap (D:3)
  An adder (D:2)
  2 orcs
  An endoplasm (D:1)
  A hobgoblin (D:1)
  2 kobolds
  A butterfly (Lair:2)
16 creatures vanquished.

Vanquished Creatures (others)
  A death cob (Zot:5)
  An Executioner (D:15)
  2 ugly things (Depths:2)
  An apocalypse crab (Abyss:4)
  A swamp drake (Depths:2)
  A foxfire (Abyss:4)
  366 fulminant prisms
  3 lurking horrors (Abyss:4)
  11 starspawn tentacles (Abyss:4)
  2 tentacles (Swamp:2)
389 creatures vanquished.

Grand Total: 2933 creatures vanquished

Notes
Turn   | Place    | Note
-------+----------+-------------------------------------------
     0 | D:1      | FexLirch the Octopode Hedge Wizard began the quest for the
                  | Orb.
     0 | D:1      | Reached XP level 1. HP: 11/11 MP: 4/4
   114 | D:1      | Reached XP level 2. HP: 15/17 MP: 0/6
   472 | D:1      | Learned a level 2 spell: Blink
   475 | D:1      | Learned a level 2 spell: Call Imp
   677 | D:1      | Reached XP level 3. HP: 22/22 MP: 5/7
  1467 | D:2      | Found an iron altar of Okawaru.
  1657 | D:2      | Reached skill level 1 in Fighting
  1657 | D:2      | Reached XP level 4. HP: 28/28 MP: 5/8
  1840 | D:3      | Found a faded altar of an unknown god.
  1841 | D:3      | Noticed Terence
  1852 | D:3      | Found Kaoneob's Weapon Boutique.
  1940 | D:3      | Reached XP level 5. HP: 18/33 MP: 2/9
  2306 | D:3      | Learned a level 2 spell: Searing Ray
  2310 | D:3      | Learned a level 3 spell: Mephitic Cloud
  2321 | D:3      | Noticed Robin
  2423 | D:3      | Killed Robin
  2748 | D:3      | Found a glowing silver altar of Zin.
  2748 | D:3      | Noticed an angel
  2766 | D:3      | Killed Terence
  3224 | D:4      | Reached XP level 6. HP: 39/39 MP: 8/11
  3418 | D:4      | Noticed Menkaure
  3435 | D:4      | Killed Menkaure
  3436 | D:4      | Reached skill level 1 in Air Magic
  3436 | D:4      | Reached skill level 1 in Alchemy
  3436 | D:4      | Reached XP level 7. HP: 45/45 MP: 8/12
  3785 | D:5      | Entered Level 5 of the Dungeon
  4002 | D:5      | Found a staircase to the Ecumenical Temple.
  4008 | Temple   | Entered the Ecumenical Temple
  4081 | Temple   | Became a worshipper of Sif Muna the Loreminder
  4233 | D:5      | Reached skill level 5 in Stealth
  4286 | D:5      | Reached XP level 8. HP: 51/51 MP: 8/14
  4333 | D:5      | Noticed Dowan
  4334 | D:5      | Noticed Duvessa
  4346 | D:5      | Killed Dowan
  4348 | D:5      | Killed Duvessa
  5025 | D:5      | Found a broken altar of Ashenzari.
  5156 | D:6      | Found a radiant altar of Vehumet.
  5310 | D:6      | Reached skill level 5 in Conjurations
  5705 | D:6      | Reached * piety under Sif Muna
  5713 | D:6      | Identified the +2 tower shield of Indomitability {rElec
                  | Regen+}
  5831 | D:6      | Reached XP level 9. HP: 58/58 MP: 7/16
  5967 | D:6      | Found Gyurebbeel's Assorted Antiques.
  6280 | D:7      | Found Diducae's General Store.
  6309 | D:7      | Learned a level 4 spell: Fulminant Prism
  6388 | D:7      | Reached skill level 5 in Spellcasting
  6439 | D:7      | Reached skill level 5 in Dodging
  7001 | D:7      | Found a radiant altar of Vehumet.
  7015 | D:7      | Found a bloodstained altar of Trog.
  7281 | D:7      | Noticed Joseph
  7296 | D:7      | Reached ** piety under Sif Muna
  7303 | D:7      | Killed Joseph
  7304 | D:7      | Reached skill level 5 in Fighting
  7305 | D:7      | Reached XP level 10. HP: 54/66 MP: 1/18
  7617 | D:8      | Reached skill level 5 in Alchemy
  7946 | D:8      | Found a staircase to the Lair.
  8827 | D:8      | Found a basalt altar of Yredelemnul.
  9343 | D:9      | Reached *** piety under Sif Muna
  9490 | D:9      | Found a staircase to the Orcish Mines.
 10395 | D:10     | Entered Level 10 of the Dungeon
 10500 | D:10     | Reached XP level 11. HP: 67/73 MP: 9/20
 10506 | D:10     | Reached **** piety under Sif Muna
 11364 | D:10     | Noticed a manticore
 11375 | D:10     | Noticed a seven-headed hydra
 11390 | D:10     | Killed a seven-headed hydra
 11391 | D:10     | Reached skill level 10 in Conjurations
 11440 | D:10     | Learned a level 5 spell: Irradiate
 11458 | D:10     | Reached skill level 1 in Invocations
 11477 | D:10     | Reached ***** piety under Sif Muna
 11585 | D:10     | Killed a manticore
 11619 | D:10     | Noticed a death knight
 11625 | D:10     | Learned a level 2 spell: Lesser Beckoning
 11648 | D:10     | Noticed a purple ugly thing
 11658 | D:10     | Killed a purple ugly thing
 12140 | D:11     | Noticed a two-headed ogre
 12146 | D:11     | Killed a two-headed ogre
 12179 | D:11     | Reached XP level 12. HP: 81/81 MP: 18/23
 12360 | D:11     | Noticed a two-headed ogre
 12375 | D:11     | Killed a two-headed ogre
 12520 | D:11     | Noticed Lodul
 12561 | D:11     | Noticed a two-headed ogre
 12576 | D:11     | Killed a two-headed ogre
 12770 | Lair:1   | Entered Level 1 of the Lair of Beasts
 12781 | Lair:1   | Received a gift from Sif Muna
 12782 | Lair:1   | Got Sif Muna's Monograph on the Impact and the Burn {god
                  | gift}
 13439 | Lair:1   | You fall into a shaft and drop 1 floor!
 13439 | Lair:2   | Noticed a six-headed hydra
 13466 | Lair:2   | Killed a six-headed hydra
 14066 | Lair:1   | Noticed a catoblepas
 14088 | Lair:1   | Killed a catoblepas
 14089 | Lair:1   | Reached skill level 5 in Invocations
 14089 | Lair:1   | Reached XP level 13. HP: 63/89 MP: 6/25
 14511 | Lair:2   | Found a staircase to the Swamp.
 15288 | Lair:2   | Learned a level 4 spell: Flame Wave
 15292 | Lair:2   | Learned a level 3 spell: Swiftness
 15638 | Lair:3   | Found a staircase to the Snake Pit.
 15676 | Lair:3   | Reached skill level 1 in Fire Magic
 16491 | Lair:4   | Found a viscous altar of Jiyva.
 16491 | Lair:4   | Found a staircase to the Slime Pits.
 16919 | Lair:4   | Received a gift from Sif Muna
 16925 | Lair:4   | Got Sif Muna's Atlas of Conjured Impurities {god gift}
 17066 | Lair:4   | Reached XP level 14. HP: 68/97 MP: 20/26
 18177 | Lair:5   | Entered Level 5 of the Lair of Beasts
 18258 | Lair:5   | Noticed Rupert
 18313 | Lair:5   | Received a gift from Sif Muna
 18314 | Lair:5   | Reached skill level 5 in Air Magic
 18421 | Lair:5   | Reached skill level 10 in Dodging
 18696 | Lair:5   | Killed Rupert
 18740 | Lair:5   | Gained mutation: Your body sometimes deteriorates upon
                  | taking damage. [mutagenic glow]
 18807 | Lair:5   | Found a frozen archway.
 18811 | IceCv    | Entered an ice cave
 19069 | IceCv    | Reached skill level 5 in Translocations
 19070 | IceCv    | Lost mutation: Your body sometimes deteriorates upon taking
                  | damage. [potion of mutation]
 19070 | IceCv    | Gained mutation: You are agile. (Dex +4, Str/Int -1)
                  | [potion of mutation]
 19070 | IceCv    | Lost mutation: You are agile. (Dex +4, Str/Int -1) [potion
                  | of mutation]
 19070 | IceCv    | Gained mutation: Your spells are a little harder to cast,
                  | but a little more powerful. [potion of mutation]
 19192 | IceCv    | Reached skill level 10 in Fighting
 19464 | IceCv    | Reached XP level 15. HP: 102/103 MP: 19/28
 19540 | IceCv    | Reached ****** piety under Sif Muna
 19889 | IceCv    | Received a gift from Sif Muna
 19890 | IceCv    | Got Sif Muna's Omnibus of Topological Ice {god gift}
 19895 | IceCv    | Learned a level 3 spell: Ozocubu's Armour
 20225 | Lair:5   | Reached skill level 1 in Ice Magic
 20363 | Lair:5   | Reached skill level 2 in Ice Magic
 20826 | Lair:5   | Reached skill level 3 in Ice Magic
 20996 | Lair:5   | Learned a level 4 spell: Iskenderun's Mystic Blast
 21374 | D:12     | Noticed Azrael
 21382 | D:12     | Killed Azrael
 21691 | D:12     | Noticed a tengu reaver
 21930 | D:12     | Reached skill level 10 in Spellcasting
 22113 | D:12     | Reached skill level 4 in Ice Magic
 22294 | D:13     | Noticed Sonja
 22298 | D:13     | Killed Sonja
 22749 | D:13     | Received a gift from Sif Muna
 22944 | D:13     | Got Sif Muna's Anthology of Turbulent Fever {god gift}
 24268 | D:14     | Reached XP level 16. HP: 111/111 MP: 22/30
 24273 | D:14     | Reached skill level 5 in Ice Magic
 24299 | D:14     | Reached skill level 15 in Conjurations
 24442 | D:14     | Found a gate to the Vaults.
 24459 | D:14     | Identified a scroll of acquirement
 24460 | D:14     | Acquired a staff of air
 24542 | D:14     | Reached skill level 5 in Fire Magic
 24881 | D:14     | Found a runed translucent gate.
 24882 | D:14     | Found a runed translucent gate.
 24883 | D:14     | Noticed Uqorphet's ghost (journeyman DECj)
 24883 | D:14     | Found a runed translucent gate.
 24884 | D:14     | Identified the +0 plate armour "Ohopluam" {+Blink rElec
                  | Int-4 Stlth+}
 25142 | D:15     | Entered Level 15 of the Dungeon
 25208 | D:11     | Received a gift from Sif Muna
 25210 | D:11     | Killed Lodul
 25228 | D:11     | Got Sif Muna's Annotations on the Crevasse and Battle Magic
                  | {god gift}
 25477 | Orc:1    | Entered Level 1 of the Orcish Mines
 25487 | D:9      | Learned a level 4 spell: Olgreb's Toxic Radiance
 25842 | Orc:1    | Noticed Jorgrun
 25852 | Orc:1    | Killed Jorgrun
 25860 | Orc:1    | Noticed Harold
 25947 | Orc:1    | Killed Harold
 26325 | Orc:2    | Entered Level 2 of the Orcish Mines
 26866 | Orc:2    | Noticed Maurice
 26874 | Orc:2    | Killed Maurice
 26926 | Orc:2    | Received a gift from Sif Muna
 27089 | Orc:2    | Got Sif Muna's Spellbook of the Distorted Band {god gift}
 27231 | Orc:2    | Found a staircase to the Elven Halls.
 27293 | Orc:2    | Found Beympakka's General Store.
 27294 | Orc:2    | Found Ydeteups's Jewellery Shop.
 27295 | Orc:2    | Found Apoel's Antique Armour Shop.
 27295 | Orc:2    | Found Sawuvof's Antique Weapon Boutique.
 27871 | D:15     | Received a gift from Sif Muna
 27895 | D:15     | Learned a level 5 spell: Fireball
 28288 | D:15     | Found a staircase to the Depths.
 28531 | D:15     | Found a shimmering altar of Xom.
 28928 | Depths:1 | Entered Level 1 of the Depths
 29028 | Depths:1 | Reached XP level 17. HP: 42/119 MP: 6/31
 29451 | Depths:1 | Reached skill level 10 in Invocations
 29552 | Depths:1 | Found a gateway to Hell.
 29630 | Depths:1 | Found a glowing golden altar of the Shining One.
 29661 | Depths:1 | Noticed a sphinx
 29994 | Depths:1 | Killed a sphinx
 30512 | Depths:1 | Found a one-way gateway to a ziggurat.
 30707 | Depths:2 | Noticed a walking frostbound tome
 31051 | Depths:2 | Noticed Vv
 31416 | Snake:1  | Entered Level 1 of the Snake Pit
 32232 | Snake:1  | Learned a level 5 spell: Iskenderun's Battlesphere
 32643 | Snake:1  | Received a gift from Sif Muna
 33347 | Snake:2  | Found Yqungiu's Antique Weapon Emporium.
 34751 | Snake:2  | Got the Treatise on the Cucurbite and the Lungs
 34890 | Snake:3  | Reached XP level 18. HP: 127/127 MP: 28/33
 34911 | Snake:3  | Noticed Saint Roka
 34930 | Snake:3  | Killed Saint Roka
 34931 | Snake:3  | Reached skill level 6 in Ice Magic
 35091 | Snake:3  | Found a runed translucent door.
 35093 | Snake:3  | Noticed Minsecho's ghost (adept FoFi)
 35288 | Snake:3  | Received a gift from Sif Muna
 35289 | Snake:3  | Got Sif Muna's Cyclopedia of Ironbound Malisons {god gift}
 35312 | Snake:3  | Reached skill level 7 in Ice Magic
 35580 | Snake:4  | Entered Level 4 of the Snake Pit
 35598 | Snake:4  | Reached skill level 8 in Ice Magic
 35751 | Snake:4  | Reached skill level 9 in Ice Magic
 35912 | Snake:4  | Received a gift from Sif Muna
 35914 | Snake:4  | Got Sif Muna's Atlas of Malisons and Freezing {god gift}
 35987 | Snake:4  | Reached skill level 10 in Ice Magic
 36335 | Snake:4  | Reached skill level 11 in Ice Magic
 36960 | Snake:4  | Reached skill level 12 in Ice Magic
 36960 | Snake:4  | Reached XP level 19. HP: 135/135 MP: 26/35
 36968 | Snake:4  | Learned a level 7 spell: Ozocubu's Refrigeration
 36976 | Snake:4  | Got a serpentine rune of Zot
 37130 | Swamp:1  | Entered Level 1 of the Swamp
 37390 | Swamp:1  | Noticed Mlioglotl
 37394 | Swamp:1  | Killed Mlioglotl
 37679 | Swamp:1  | Identified the ring "Ekogg" {rPois rN+ SInv}
 37885 | Swamp:2  | Received a gift from Sif Muna
 37886 | Swamp:2  | Reached skill level 13 in Ice Magic
 37888 | Swamp:2  | Got Boison's Lessons on Breath and the Fair Folk {god gift}
 37895 | Swamp:2  | Noticed a tentacled monstrosity
 37904 | Swamp:2  | Killed a tentacled monstrosity
 38611 | Swamp:3  | Noticed Roxanne
 38767 | Swamp:3  | Reached skill level 14 in Ice Magic
 39096 | Swamp:3  | Killed Roxanne
 39138 | Swamp:4  | Entered Level 4 of the Swamp
 39286 | Swamp:4  | Reached skill level 1 in Shapeshifting
 39389 | Swamp:4  | Reached skill level 10 in Fire Magic
 39928 | Swamp:4  | Received a gift from Sif Muna
 39933 | Swamp:4  | Got Sif Muna's Spellbook of Battle Magic {god gift}
 39948 | Swamp:4  | Reached XP level 20. HP: 133/144 MP: 9/37
 40023 | Swamp:4  | Got a decaying rune of Zot
 40449 | Vaults:1 | Entered Level 1 of the Vaults
 41381 | Vaults:1 | Found Epno's Armour Emporium.
 41431 | Vaults:1 | Reached skill level 15 in Ice Magic
 41525 | Vaults:1 | Found Joer's Jewellery Shop.
 41532 | Vaults:1 | Bought a ring of protection from fire for 400 gold pieces
 42255 | Vaults:1 | Reached skill level 5 in Shapeshifting
 42995 | Vaults:2 | Received a gift from Sif Muna
 43147 | Vaults:2 | You fall into a shaft and drop 2 floors!
 43323 | Vaults:4 | Found a crumbling gateway.
 43325 | Vaults:4 | Found a glowing silver altar of Zin.
 43325 | Vaults:4 | Found a white marble altar of Elyvilon.
 43325 | Vaults:4 | Found a glowing golden altar of the Shining One.
 43364 | Desolati | Entered the Desolation of Salt
 43399 | Desolati | Reached skill level 15 in Dodging
 43604 | Desolati | Reached skill level 15 in Fighting
 43771 | Desolati | Received a gift from Sif Muna
 43773 | Desolati | Got Sif Muna's Octavo of Kindled Mortification {god gift}
 43866 | Desolati | Reached skill level 16 in Ice Magic
 44033 | Desolati | Found the +7 great mace "Firestarter" {flame, immolate,
                  | rFlCloud rF++}
 44038 | Desolati | Identified the ring of Zogypune {^Drain rN++ rCorr}
 44055 | Desolati | Identified the +3 scale mail of Qinuvo {-Cast Str+7 Stlth-}
 44084 | Desolati | Identified the +4 dagger of Ciomoiryra {protect, rElec
                  | SInv}
 44087 | Desolati | Identified the +1 leather armour "Pienoi" {rF+}
 44091 | Desolati | Identified the +1 quarterstaff "Xenaliuq" {drain, +Blink
                  | Str-3 Dex+2 Stlth+}
 44092 | Desolati | Identified the +8 trident of Death's Door {venom, Fly SInv}
 44127 | Desolati | Reached XP level 21. HP: 111/151 MP: 11/39
 44127 | Desolati | Found the +2 hood of the Assassin {Detect Stab+ Stlth++}
 44186 | Desolati | Identified the amulet "Fipepint" {Acrobat Fly Str+6}
 45260 | Vaults:3 | Reached skill level 17 in Ice Magic
 45309 | Vaults:3 | Found a staircase to the Crypt.
 45309 | Vaults:3 | Found an ancient bone altar of Kikubaaqudgha.
 45310 | Vaults:3 | Found a basalt altar of Yredelemnul.
 45373 | Vaults:3 | Received a gift from Sif Muna
 45581 | Vaults:3 | Reached skill level 10 in Shapeshifting
 45946 | Vaults:3 | Found Nacom's General Store.
 46714 | Vaults:2 | Reached skill level 18 in Ice Magic
 46832 | Vaults:2 | Received a gift from Sif Muna
 47497 | Vaults:3 | Found a runed translucent door.
 47929 | Vaults:3 | Found Yregrel's Book Boutique.
 47938 | Vaults:3 | Bought a manual of Dodging for 960 gold pieces
 48015 | Vaults:3 | Noticed ilwentz's ghost (adept DjWn)
 48175 | Vaults:4 | Gained mutation: You occasionally lose the ability to read
                  | scrolls when taking damage. [mutagenic glow]
 48227 | Vaults:4 | Lost mutation: Your spells are a little harder to cast, but
                  | a little more powerful. [potion of mutation]
 48227 | Vaults:4 | Lost mutation: You occasionally lose the ability to read
                  | scrolls when taking damage. [potion of mutation]
 48227 | Vaults:4 | Gained mutation: You are agile. (Dex +4, Str/Int -1)
                  | [potion of mutation]
 48227 | Vaults:4 | Gained mutation: You have an increased reservoir of magic.
                  | (+10% MP) [potion of mutation]
 48658 | Vaults:4 | Reached XP level 22. HP: 147/157 MP: 19/44
 49181 | Vaults:4 | Reached skill level 19 in Ice Magic
 49496 | Vaults:4 | Received a gift from Sif Muna
 50339 | Depths:2 | Noticed Nikola
 50346 | Depths:2 | Killed Nikola
 50421 | Depths:2 | Killed Vv
 50565 | Depths:2 | Found a shimmering blue altar of Sif Muna.
 50623 | Depths:2 | Noticed a golden dragon
 50631 | Depths:2 | Killed a golden dragon
 50991 | Depths:2 | Found a one-way gate leading to the halls of Pandemonium.
 51228 | Depths:2 | Identified the +1 hand axe of Death's Door {flame, rElec
                  | Will- Stlth+}
 51790 | Depths:2 | Noticed a golden dragon
 51808 | Depths:2 | Killed a golden dragon
 51808 | Depths:2 | Received a gift from Sif Muna
 51809 | Depths:2 | Got Sif Muna's Precepts of the Generative Welkin {god gift}
 51911 | Depths:2 | Identified the staff of the Hierophant {Dex+3 Conj}
 51914 | Depths:2 | Identified the ring of Zegurph {rF+ rC+ rN++ rCorr Str-5}
 51925 | Depths:2 | Identified the amulet of Absolutism {Regen+ Int+3 Dex+4
                  | SInv}
 51949 | Depths:2 | Identified the +1 falchion of Idogg {elec, rC+ SInv}
 51961 | Depths:2 | Identified the +0 ring mail "Jolioh" {Harm +Blink Slay-3}
 52353 | Orc:2    | Bought the ring of Zunav {+Blink Will+ Str+3} for 679 gold
                  | pieces
 52374 | Orc:2    | Learned a level 4 spell: Passage of Golubria
 52400 | Elf:1    | Entered Level 1 of the Elven Halls
 52613 | Elf:1    | Reached skill level 20 in Ice Magic
 52781 | Elf:1    | Found a runed translucent door.
 52829 | Elf:1    | Noticed Agnes
 52832 | Elf:1    | Killed Agnes
 52857 | Elf:1    | Found Egiassie's Magic Scroll Emporium.
 52859 | Elf:1    | Found Noloagizxo's General Store.
 52861 | Elf:1    | Found Kozxeutu's Magic Scroll Emporium.
 52871 | Elf:1    | Bought 2 scrolls of blinking for 240 gold pieces
 52871 | Elf:1    | Bought a scroll of teleportation for 48 gold pieces
 52871 | Elf:1    | Bought a scroll of teleportation for 48 gold pieces
 52871 | Elf:1    | Bought a scroll of fog for 64 gold pieces
 53097 | Elf:1    | Found Ytinn's Magic Scroll Boutique.
 53673 | Elf:2    | Reached XP level 23. HP: 162/162 MP: 35/45
 53814 | Elf:2    | Paralysed by an air elemental for 1 turns
 54347 | Elf:2    | Found a runed translucent gate.
 54347 | Elf:2    | Found a runed translucent gate.
 54348 | Elf:2    | Found a runed translucent gate.
 54551 | Elf:2    | Noticed Zenata
 54554 | Elf:2    | Killed Zenata
 54638 | Elf:2    | Received a gift from Sif Muna
 54639 | Elf:2    | Got Sif Muna's Notes on Geological Angles {god gift}
 54654 | Elf:2    | Noticed Norris
 54665 | Elf:2    | Killed Norris
 54981 | Elf:3    | Entered Level 3 of the Elven Halls
 55677 | Elf:3    | Received a gift from Sif Muna
 55796 | Elf:3    | Identified the +9 hand axe of Pegaag {flame, Will+}
 55796 | Elf:3    | Identified the ring "Comiwomi" {Ice Fly rN+ Will- Str+2}
 55825 | Elf:3    | Reached skill level 15 in Shapeshifting
 55985 | Elf:3    | Identified the ring "Plog" {Wiz ^Drain Dex+2 Slay+3 SInv}
 56036 | Abyss:4  | Cast into level 4 of the Abyss (+2 trident of distortion)
 56242 | Abyss:4  | Learned a level 7 spell: Orb of Destruction
 56315 | Abyss:4  | Received a gift from Sif Muna
 56316 | Abyss:4  | Reached XP level 24. HP: 148/171 MP: 22/45
 56417 | Abyss:4  | Got an abyssal rune of Zot
 56695 | Abyss:4  | Reached skill level 15 in Spellcasting
 56734 | Abyss:4  | Received a gift from Sif Muna
 56803 | Elf:3    | Escaped the Abyss
 56875 | Elf:3    | Identified the ring "Kodd" {rF- Int+6 Dex+5}
 57047 | Elf:3    | Identified the staff "Qothraadgh" {rPois Dex+4 Stlth+
                  | Alchemy}
 57047 | Elf:3    | Identified the ring of the Ferocious Tomato {rC+ Dex+5}
 57217 | Elf:3    | Identified the +3 dagger of the Crypt {flame, Dex+2}
 57254 | Elf:3    | Identified the maw talisman "Yghal" {rPois rC++ Dex+4}
 57306 | Elf:3    | Identified the -2 cloak "Luew" {rC+ Dex+4}
 57308 | Elf:3    | Identified the +2 cloak of Wu Jian's Reproof {rF+++ Str-4
                  | Slay-6 SInv}
 57785 | Depths:3 | Found a one-way gate to the infinite horrors of the Abyss.
 58240 | Depths:3 | Received a gift from Sif Muna
 58369 | Depths:3 | Reached skill level 21 in Ice Magic
 58461 | Depths:3 | Identified the +6 demon whip of Cataclysm {vamp, rPois rN+
                  | Will+}
 58768 | Vaults:3 | Bought a +6 ring of intelligence for 684 gold pieces
 58784 | Vaults:3 | Learned a level 9 spell: Polar Vortex
 58792 | Vaults:3 | Learned a level 6 spell: Dispersal
 59769 | Depths:4 | Entered Level 4 of the Depths
 59858 | Depths:4 | Found a flickering gateway to a bazaar.
 59893 | Depths:4 | Found a blossoming altar of Fedhas.
 59904 | Bazaar   | Entered a bazaar
 59904 | Bazaar   | Found Qiodim's Assorted Antiques.
 59904 | Bazaar   | Found Foruruenn's Distillery.
 59905 | Bazaar   | Found Watoeloa's Antique Weapon Emporium.
 59905 | Bazaar   | Found Wadinger's Book Emporium.
 59925 | Bazaar   | Bought a manual of Necromancy for 1200 gold pieces
 59931 | Bazaar   | Bought 2 potions of curing for 204 gold pieces
 59931 | Bazaar   | Bought 2 potions of heal wounds for 340 gold pieces
 59935 | Bazaar   | Bought a potion of haste for 110 gold pieces
 59935 | Bazaar   | Bought a potion of ambrosia for 88 gold pieces
 59935 | Bazaar   | Bought a potion of heal wounds for 55 gold pieces
 59935 | Bazaar   | Bought a potion of brilliance for 44 gold pieces
 59935 | Bazaar   | Bought a potion of heal wounds for 55 gold pieces
 60478 | Depths:4 | Reached XP level 25. HP: 180/180 MP: 36/46
 60499 | Depths:4 | Received a gift from Sif Muna
 60647 | Depths:4 | Found a gate to the Realm of Zot.
 60922 | Depths:4 | Identified the +4 triple sword "Agaist" {heavy, *Noise
                  | Will+ Stlth+}
 61305 | D:14     | Killed Uqorphet's ghost
 61892 | Crypt:1  | Entered Level 1 of the Crypt
 62047 | Crypt:1  | Noticed Mennas
 62266 | Crypt:1  | Reached skill level 10 in Translocations
 62652 | Crypt:1  | Received a gift from Sif Muna
 62653 | Crypt:1  | Got Sif Muna's Thoughts on Limned Zombies {god gift}
 62718 | Crypt:1  | Killed Mennas
 63185 | Crypt:2  | Found a magical portal.
 63195 | WizLab   | Entered Zonguldrok's Shrine
 63477 | WizLab   | Noticed an antique champion
 63477 | WizLab   | Noticed an antique champion
 63480 | WizLab   | Killed an antique champion
 63481 | WizLab   | Killed an antique champion
 63589 | WizLab   | Got Sif Muna's Compilation of Skeletons
 63590 | WizLab   | Identified the +7 shadow dragon scales "Suomel" {Str+3
                  | Int+3 Slay-2 Stlth++++}
 63915 | Crypt:2  | Found a runed translucent gate.
 63915 | Crypt:2  | Found a runed translucent gate.
 63916 | Crypt:2  | Found a runed translucent gate.
 63916 | Crypt:2  | Noticed jimmypageman's ghost (master GrFi)
 63924 | Crypt:2  | Received a gift from Sif Muna
 63930 | Crypt:2  | Killed jimmypageman's ghost
 63931 | Crypt:2  | Got Sif Muna's Teachings on the Plateau and Outbursts {god
                  | gift}
 64272 | Crypt:2  | Gained mutation: You are frail. (-10% HP) [mutagenic glow]
 64396 | Crypt:2  | Reached XP level 26. HP: 170/170 MP: 41/47
 64559 | Crypt:2  | Found a basalt altar of Yredelemnul.
 64630 | Crypt:3  | Entered Level 3 of the Crypt
 64746 | Crypt:3  | Noticed Margery
 64751 | Crypt:3  | Killed Margery
 65312 | Crypt:3  | Received a gift from Sif Muna
 65313 | Crypt:3  | Got Iquehus's Enchiridion on the Wendigo and Obstruction
                  | {god gift}
 65453 | Crypt:3  | Noticed a dread lich
 65494 | Crypt:3  | Killed a dread lich
 65495 | Crypt:3  | Reached skill level 22 in Ice Magic
 65989 | Crypt:3  | Found a staircase to the Tomb.
 65995 | Crypt:3  | Noticed a dread lich
 65998 | Crypt:3  | Noticed a dread lich
 65998 | Crypt:3  | Noticed an ancient lich
 66002 | Crypt:3  | Killed an ancient lich
 66002 | Crypt:3  | Killed a dread lich
 66008 | Crypt:3  | Killed a dread lich
 66688 | Zot:1    | Entered Level 1 of the Realm of Zot
 67831 | Zot:2    | You fall into a shaft and drop 1 floor!
 69204 | Zot:3    | Reached XP level 27. HP: 177/177 MP: 32/48
 69216 | Zot:3    | Received a gift from Sif Muna
 69218 | Zot:3    | Got Sif Muna's Excursus on Fetching Resurrection {god gift}
 70506 | Zot:5    | Entered Level 5 of the Realm of Zot
 71179 | Zot:5    | Noticed a dread lich
 71190 | Zot:5    | Killed a dread lich
 71404 | Zot:5    | Gained mutation: Your spells are a little easier to cast,
                  | but a little less powerful. [mutagenic glow]
 71410 | Zot:5    | Noticed an ancient lich
 71412 | Zot:5    | Noticed an orb of fire
 71413 | Zot:5    | Gained mutation: Your health recovers twice as slowly from
                  | being drained. [mutagenic glow]
 71422 | Zot:5    | Gained mutation: You do not regenerate when monsters are
                  | visible. [mutagenic glow]
 71427 | Zot:5    | Gained mutation: Your spells are easier to cast, but less
                  | powerful. [an orb of fire]
 71438 | Zot:5    | Noticed a dread lich
 71440 | Zot:5    | Lost mutation: You have an increased reservoir of magic.
                  | (+10% MP) [mutagenic glow]
 71441 | Zot:5    | Lost mutation: You are frail. (-10% HP) [potion of
                  | mutation]
 71441 | Zot:5    | Lost mutation: You do not regenerate when monsters are
                  | visible. [potion of mutation]
 71441 | Zot:5    | Lost mutation: You are agile. (Dex +4, Str/Int -1) [potion
                  | of mutation]
 71441 | Zot:5    | Gained mutation: You are somewhat resistant to further
                  | mutation. [potion of mutation]
 71446 | Zot:5    | Noticed an ancient lich
 71452 | Zot:5    | Noticed an ancient lich
 71483 | Zot:5    | Gained mutation: You passively map a small area around you.
                  | [an orb of fire]
 71500 | Zot:5    | Killed an orb of fire
 71501 | Zot:5    | Killed an ancient lich
 71740 | Zot:5    | Lost mutation: Your health recovers twice as slowly from
                  | being drained. [potion of mutation]
 71740 | Zot:5    | Lost mutation: You are somewhat resistant to further
                  | mutation. [potion of mutation]
 71740 | Zot:5    | Lost mutation: Your spells are easier to cast, but less
                  | powerful. [potion of mutation]
 71740 | Zot:5    | Gained mutation: You are clumsy. (Dex -2) [potion of
                  | mutation]
 71740 | Zot:5    | Gained mutation: Potions are less effective at restoring
                  | your health. [potion of mutation]
 71740 | Zot:5    | Lost mutation: You are clumsy. (Dex -2) [potion of
                  | mutation]
 71741 | Zot:5    | Lost mutation: Potions are less effective at restoring your
                  | health. [potion of mutation]
 71741 | Zot:5    | Lost mutation: You passively map a small area around you.
                  | [potion of mutation]
 71741 | Zot:5    | Gained mutation: You occasionally shout uncontrollably at
                  | your foes. [potion of mutation]
 71741 | Zot:5    | Gained mutation: Your flesh is heat resistant. (rF+)
                  | [potion of mutation]
 71742 | Zot:5    | Lost mutation: Your spells are a little easier to cast, but
                  | a little less powerful. [potion of mutation]
 71742 | Zot:5    | Lost mutation: You occasionally shout uncontrollably at
                  | your foes. [potion of mutation]
 71742 | Zot:5    | Lost mutation: Your flesh is heat resistant. (rF+) [potion
                  | of mutation]
 71742 | Zot:5    | Gained mutation: Your flesh is heat resistant. (rF+)
                  | [potion of mutation]
 71742 | Zot:5    | Gained mutation: You have a pair of small antennae on your
                  | head. [potion of mutation]
 71742 | Zot:5    | Gained mutation: You have hidden genetic defects. [potion
                  | of mutation]
 71742 | Zot:5    | Gained mutation: You expend magic power (3 MP) to
                  | strengthen your wands. [potion of mutation]
 71743 | Zot:5    | Lost mutation: Your flesh is heat resistant. (rF+) [potion
                  | of mutation]
 71743 | Zot:5    | Lost mutation: You have hidden genetic defects. [potion of
                  | mutation]
 71743 | Zot:5    | Lost mutation: You have a pair of small antennae on your
                  | head. [potion of mutation]
 71743 | Zot:5    | Gained mutation: Your muscles are strong. (Str +4, Int/Dex
                  | -1) [potion of mutation]
 71743 | Zot:5    | Gained mutation: You are partially covered in iridescent
                  | scales. (AC +2) [potion of mutation]
 71743 | Zot:5    | Gained mutation: You are frail. (-10% HP) [potion of
                  | mutation]
 71743 | Zot:5    | Gained mutation: One of your tentacles bears a spike.
                  | [potion of mutation]
 71744 | Zot:5    | Lost mutation: Your muscles are strong. (Str +4, Int/Dex
                  | -1) [potion of mutation]
 71744 | Zot:5    | Lost mutation: One of your tentacles bears a spike. [potion
                  | of mutation]
 71744 | Zot:5    | Gained mutation: You are covered in fur. (AC +1) [potion of
                  | mutation]
 71745 | Zot:5    | Lost mutation: You expend magic power (3 MP) to strengthen
                  | your wands. [potion of mutation]
 71745 | Zot:5    | Lost mutation: You are frail. (-10% HP) [potion of
                  | mutation]
 71745 | Zot:5    | Lost mutation: You are partially covered in iridescent
                  | scales. (AC +2) [potion of mutation]
 71745 | Zot:5    | Gained mutation: Your spells are a little easier to cast,
                  | but a little less powerful. [potion of mutation]
 71746 | Zot:5    | Lost mutation: You are covered in fur. (AC +1) [potion of
                  | mutation]
 71746 | Zot:5    | Lost mutation: Your spells are a little easier to cast, but
                  | a little less powerful. [potion of mutation]
 71746 | Zot:5    | Gained mutation: You have a pair of small antennae on your
                  | head. [potion of mutation]
 71849 | Zot:5    | Noticed an orb of fire
 71852 | Zot:5    | Gained mutation: You sometimes lose your temper in combat.
                  | [an orb of fire]
 71857 | Zot:5    | Killed an orb of fire
 71871 | Zot:5    | Noticed an orb of fire
 71892 | Zot:5    | Noticed a dread lich
 71899 | Zot:5    | Killed a dread lich
 71901 | Zot:5    | Killed a dread lich
 71905 | Zot:5    | Gained mutation: Your spells are a little easier to cast,
                  | but a little less powerful. [an orb of fire]
 71907 | Zot:5    | Killed an orb of fire
 71981 | Zot:5    | Reached skill level 23 in Ice Magic
 72062 | Zot:5    | Killed an ancient lich
 72080 | Zot:5    | Noticed a dread lich
 72170 | Zot:5    | Killed an ancient lich
 72318 | Zot:5    | Killed a dread lich
 72523 | Zot:5    | Got the Orb of Zot
 72589 | Zot:4    | Reached skill level 15 in Invocations
 72761 | Depths:2 | Noticed Ojuetom the pandemonium lord
 72769 | Depths:2 | Killed Ojuetom the pandemonium lord
 72871 | D:15     | Noticed Ruwuub the pandemonium lord
 73363 | D:1      | Noticed a seraph
 73369 | D:$      | Escaped with the Orb!

Illustrated notes

Levels and vault maps discovered:
D:1:      minmay_arrival_radiant_lines, layout_rooms, nrook_campfire
D:2:      layout_rooms, basic_altar, moated_statue
D:3:      layout_rooms, zin_angel, shapermc_ecumenical_altar_venn, serial_shops,
          nicolae_shop_bloodbath_and_beyond, serial_park_tiny_2, uniq_robin,
          uniq_terence
D:4:      layout_loops_ring, kennysheep_minor_cross, nicolae_tricolors,
          uniq_menkaure
D:5:      layout_basic, ashenzari_conservatory_becter, temple_fountains,
          minmay_diced_spiral, uniq_sigmund, uniq_duvessa
D:6:      layout_loops_ring, serial_shops, nicolae_shop_tiny_real_fake_doors,
          minmay_ruined_shrine
D:7:      layout_basic, jmf_multi_god_temple2, serial_shops, shop, uniq_joseph
D:8:      layout_basic, mainiacjoe_overflow_alcove_1, david_lair_shrubbed,
          st_stairs_11, kennysheep_generic_room_8
D:9:      layout_loops_corners, david_orc_5
D:10:     nzn_winding_woodlands_small [nzn_winding_woodlands_5x15_garden,
          nzn_winding_woodlands_center_pierced_h,
          nzn_winding_woodlands_5x15_default], layout_cave_pools,
          chequers_jeans, st_stairs_13, minmay_gold_behind_fungi
D:11:     layout_roguey, special_room [special_room_orc], uniq_lodul
D:12:     layout_roguey, minmay_checkered_concentric_circles, uniq_azrael
D:13:     kennysheep_seaside_town, layout_irregular_city, uniq_sonja
D:14:     layout_loops_ring, grunt_vaults_entry_tiered,
          nicolae_elevator_lobby_asterisk, biasface_ghost_orc_armoury
D:15:     hangedman_depths_entry_try_elsewhere_first, layout_basic,
          serial_demonic, serial_demonic_e, serial_demonic_a, serial_demonic_g,
          serial_demonic_c, serial_bayou_pond_b, led_xom_imps
Temple:   minmay_temple_bridge_d
Lair:1:   layout_loops_ring, hangedman_lair_generics_rect, serial_bayou_shore_a
Lair:2:   layout_chaotic_city, swamp_mist_pool, wad_woods_road_02,
          serial_bayou_pond_d, lemuel_fruit_fields
Lair:3:   layout_gridlike, alex1729_snake_entry_snake, serial_bayou_shore_b
Lair:4:   layout_cave_pods, slime_entry_1, special_room [special_room_bee]
Lair:5:   evilmike_catoblepas_cave, layout_concentric_octagons,
          portal_ice_cave_entry_pillars_1, infiniplex_staircase_pool_2,
          uniq_rupert
Swamp:1:  layout_falls_marsh, hangedman_swamp_lotus, swamp_pool_1_2,
          uniq_mlioglotl
Swamp:2:  layout_falls_marsh, nicolae_swamp_well_well_well,
          nicolae_swamp_thats_no_hydra
Swamp:3:  layout_basic_swamp, evilmike_swamp_ruin_house_3, uniq_roxanne
Swamp:4:  nzn_swamp_witches_coven, layout_basic_swamp
Snake:1:  layout_chambers, grunt_megastairs_3
Snake:2:  layout_chambers, serial_shops, shop, drop_trap,
          nicolae_snake_naga_rites, serial_bayou_shore_b
Snake:3:  layout_rooms, ebering_ghost_reflecting_pool,
          nicolae_snake_dead_anacondas, uniq_saint_roka
Snake:4:  grunt_snake_rune_pools, layout_grid_shapes, serial_bayou,
          serial_bayou_lake_a, serial_bayou_lagoon_a, serial_bayou_crossing,
          serial_bayou_ford_a, serial_bayou_pond_b
Orc:1:    layout_caves, uniq_harold, uniq_jorgrun
Orc:2:    st_orc_congregation, layout_caves, uniq_maurice
Elf:1:    elf_arrival_002, layout_loops_ring, serial_shops, shop,
          minmay_elf_demonology, minivault_13, minmay_shop_star, uniq_agnes
Elf:2:    nicolae_elf_blades_splatter_lattice [nicolae_blade_entry_pointy_end],
          layout_onion_city, uniq_norris, uniq_zenata
Elf:3:    nooodl_elf_gasket, layout_geoelf_diagonals
Vaults:1: grunt_vaults_swirl, v_pattern_2,
          vaults_standard_mumra_enter_the_diamond,
          nicolae_vaults_more_shelving_1,
          nicolae_vaults_taking_the_gang_shopping,
          nicolae_vaults_closet_pinwheel_3, nicolae_vaults_shelves_hall,
          vaults_dpeg_cross, layout_vaults_omnigrid, serial_shops, shop
Vaults:2: nicolae_vaults_antechamber_and_loot_room, v_rooms_1,
          vaults_room_door_ring, nicolae_vaults_door_testing_chamber, v_misc_13,
          v_misc_26, nicolae_vaults_sesquioval_fish, ontoclasm_vaults_pinch,
          v_misc_8, v_misc_28, vaults_dpeg_hooks, layout_vaults_big_room
Vaults:3: ebering_ghost_reflecting_pool, nicolae_vaults_ellipses_ellipsis,
          nicolae_vaults_mitosis, v_pattern_4, nicolae_vaults_an_arrangement,
          nicolae_vaults_swerve, nicolae_vaults_specimen_jars,
          nicolae_vaults_theta, nicolae_vaults_tetromino_L_2,
          nicolae_vaults_network_star, nicolae_vaults_arrows,
          ontoclasm_vaults_ring_small, v_misc_5, minmay_crypt_entry_necro_gods,
          nicolae_vaults_little_squares_5, vaults_room_ringed_pool,
          layout_vaults_omnibox, serial_shops, nicolae_shop_crystal, shop
Vaults:4: portal_desolation_entry_holy_temple, vaults_mumra_minichess,
          serial_library_hellmonk_reading_circle,
          vaults_standard_mumra_enter_the_diamond,
          nicolae_vaults_storage_room_glass, lightli_church_of_beogh, v_misc_15,
          ontoclasm_vaults_hangar, vaults_room_grid,
          nicolae_vaults_ring_of_whatevers, nicolae_vaults_trapezoid_1,
          layout_vaults_ring
Crypt:1:  layout_basic, grunt_megastairs_1, uniq_mennas
Crypt:2:  layout_gridlike, infiniplex_enter_wizlab_spiral,
          gammafunk_ghost_spectres, special_room [special_room_morgue],
          serial_sigils_hangedman_carve, hangedman_blasphemy
Crypt:3:  quadcrypt_mu, uniq_margery
Depths:1: layout_long_grid, enter_ziggurat_f, serial_sigils_hangedman_stare,
          hangedman_coc_ice_floe, tso_metal_star, serial_bayou_shore_b
Depths:2: gold_lair_mu, layout_long_grid, pan_entry, grunt_decor_resistance,
          serial_library, serial_library_hellmonk_octagon,
          serial_library_hellmonk_junction, serial_library_hellmonk_big_corner,
          serial_library_hellmonk_open_square,
          serial_library_hellmonk_hallway_b, serial_library_hellmonk_metal_room,
          serial_library_hellmonk_double_dead_end,
          serial_library_hellmonk_narrow_alcove, lightli_too_deep, uniq_nikola,
          uniq_vv
Depths:3: regret_index_reflect_refract, layout_basic, abyss_entry_glasseish,
          hell_entry, hangedman_decor_points, rand_demon_pan_entry_4,
          kennysheep_another_room, bh_walls_and_bars
Depths:4: grunt_zot_entry_pinwheel, layout_gridlike, fedhas_altar_1, hell_entry,
          serial_shops, bzr_entry_lakeside, kennysheep_underground_church
Zot:1:    layout_basic
Zot:2:    layout_concentric_octagons, regret_index_zotdec_dark_gr
Zot:3:    layout_onion_interference, hangedman_zot_decor_scrapings,
          regret_index_zotdec_twisting_globes
Zot:4:    layout_misc_corridors
Zot:5:    layout_basic, grunt_megastairs_4

Skill      XL: |  1  2  3  4  5  6  7  8  9 10 11 12 13 14 15 16 17 18 19 20 21 22 23 24 25 26 27 |
---------------+----------------------------------------------------------------------------------+-----
Stealth        | 3 4 5 |  5.0
Conjurations   | 2 3 4 5 7 9 10 11 12 13 14 15 16 | 16.0
Fighting       | 1 2 3 5 6 7 8 9 10 11 12 13 14 15 16 17 18 19 | 19.6
Summonings     | 2 |  2.0
Translocations | 2 3 5 7 9 11 12 14 | 14.3
Dodging        | 3 4 5 6 7 8 9 10 11 12 13 14 15 17 18 19 20 21 22 | 22.0
Air Magic      | 1 2 3 4 5 |  5.9
Alchemy        | 1 2 3 4 6 7 8 9 |  9.0
Spellcasting   | 4 5 6 7 8 9 10 11 12 13 14 15 16 17 18 | 18.2
Invocations    | 2 5 6 7 8 9 11 13 15 | 15.1
Fire Magic     | 2 4 7 9 10 11 | 11.0
Ice Magic      | 4 5 12 14 16 18 20 21 22 23 | 23.2
Shapeshifting  | 3 7 12 14 15 16 | 16.0

Action                     |  1- 3 |  4- 6 |  7- 9 | 10-12 | 13-15 | 16-18 | 19-21 | 22-24 | 25-27 || total
---------------------------+-------+-------+-------+-------+-------+-------+-------+-------+-------++-------
  Melee: Dagger            |    24 |    22 |       |       |       |       |       |       |       ||    46
         Tentacles         |     8 |     6 |     4 |    14 |    18 |    11 |     4 |    31 |    99 ||   195
         Constrict         |     7 |     8 |     6 |     6 |    11 |    13 |     3 |    19 |    62 ||   135
         Short sword       |       |       |    22 |    41 |     4 |       |       |       |       ||    67
         Punch             |       |       |       |     2 |     3 |       |       |     3 |     7 ||    15
         Staff             |       |       |       |       |    45 |    32 |    18 |    79 |       ||   174
         Demon whip        |       |       |       |       |       |       |       |     5 |   244 ||   249
   Cast: Magic Dart        |    82 |    72 |   134 |   195 |    64 |       |       |       |       ||   547
         Call Imp          |     4 |    12 |     3 |     6 |     1 |       |       |       |       ||    26
         Blink             |     1 |     3 |     1 |     7 |     2 |     3 |     7 |     5 |     5 ||    34
         Searing Ray       |       |    10 |    44 |    79 |    24 |       |       |       |       ||   157
         Mephitic Cloud    |       |     3 |    17 |    23 |    20 |     6 |       |       |       ||    69
         Fulminant Prism   |       |       |     9 |    76 |   158 |    78 |    37 |    12 |       ||   370
         Irradiate         |       |       |       |    22 |   106 |    67 |    53 |    98 |   141 ||   487
         Lesser Beckoning  |       |       |       |     1 |     8 |    14 |     1 |     1 |       ||    25
         Flame Wave        |       |       |       |       |    40 |     5 |       |       |       ||    45
         Swiftness         |       |       |       |       |     4 |    10 |     3 |     4 |     6 ||    27
         Iskenderun's Myst |       |       |       |       |    32 |   158 |    93 |    79 |       ||   362
         Ozocubu's Armour  |       |       |       |       |     8 |    16 |       |    16 |     9 ||    49
         Olgreb's Toxic Ra |       |       |       |       |       |    44 |       |       |       ||    44
         Fireball          |       |       |       |       |       |   218 |   230 |    76 |    19 ||   543
         Iskenderun's Batt |       |       |       |       |       |    32 |    56 |    23 |       ||   111
         Ozocubu's Refrige |       |       |       |       |       |       |   201 |   400 |   123 ||   724
         Death's Door      |       |       |       |       |       |       |     1 |       |       ||     1
         Passage of Golubr |       |       |       |       |       |       |       |     4 |       ||     4
         Maxwell's Capacit |       |       |       |       |       |       |       |     1 |       ||     1
         Orb of Destructio |       |       |       |       |       |       |       |    35 |   169 ||   204
         Polar Vortex      |       |       |       |       |       |       |       |     4 |   125 ||   129
         Dispersal         |       |       |       |       |       |       |       |       |    41 ||    41
 Invoke: Forget Spell      |       |       |       |       |       |     2 |       |       |       ||     2
         Channel Magic     |       |       |       |       |       |       |     2 |     4 |     1 ||     7
         Divine Exegesis   |       |       |       |       |       |       |     1 |     1 |       ||     2
  Evoke: Wand              |       |       |       |       |       |     3 |     2 |     6 |     2 ||    13
    Use: Scroll            |       |       |    10 |     8 |    13 |    11 |     5 |     9 |    23 ||    79
         Potion            |       |       |       |     1 |     5 |     3 |     7 |     5 |    20 ||    41
   Stab: Sleeping          |     1 |     3 |       |       |     3 |       |       |     4 |     4 ||    15
         Confused          |       |       |     1 |     2 |     1 |       |       |       |       ||     4
         Distracted        |       |       |       |       |       |       |       |     1 |     1 ||     2
 Armour: Skin              |     7 |    25 |    50 |   101 |   196 |   148 |   111 |   363 |   800 ||  1801
  Dodge: Dodged            |    23 |    34 |    32 |   146 |   250 |   227 |   122 |   476 |  1156 ||  2466
   Form: Statue            |       |       |       |       |       |       |       |     1 |       ||     1
